 Dungeon Crawl Stone Soup version 0.32-a0-913-g739538afd8 (webtiles) character file.

Game seed: 11969898362386529127

39 Rohain the Grasshopper (level 3, -1/31 HPs)
             Began as a Gnoll Warper on Apr 7, 2024.
             Slain by a kobold
             ... wielding a +0 whip
              (3 damage)
             ... on level 2 of the Dungeon.
             The game lasted 00:01:44 (1183 turns).

Rohain the Grasshopper (Gnoll Warper)               Turns: 1183, Time: 00:01:44

Health: -1/31      AC:  3    Str: 10    XL:     3   Next: 45%
Magic:  9/9        EV: 12    Int: 12    God:
Gold:   60         SH:  0    Dex: 13    Spells: 10/12 levels left

rFire   . . .        a - +0 spear (vamp)
rCold   . . .        (no shield)
rNeg    . . .        b - +0 leather armour
rPois   .            (no helmet)
rElec   .            (no cloak)
rCorr   .            (no gloves)
SInv    .            (no boots)
Will    .....        (no amulet)
Stlth   +            k - ring of wizardry
HPRegen 0.25/turn    (no ring)
MPRegen 0.11/turn

%: wizardry (x1)
@: no status effects
A: fangs 1, strong nose, distributed training
a: no special abilities


You were on level 2 of the Dungeon.
You visited 1 branch of the dungeon, and saw 2 of its levels.

You collected 60 gold pieces.

Inventory:

Hand Weapons
 a - a +0 vampiric spear (weapon)
Missiles
 d - 7 darts of dispersal (quivered)
Armour
 b - a +0 leather armour (worn)
Jewellery
 k - a ring of wizardry (left hand)
 m - a ring of protection from cold
Scrolls
 c - 2 scrolls of blinking
 f - a scroll of enchant weapon {unknown}
 j - a scroll of enchant armour {unknown}
 l - a scroll of immolation {unknown}
Potions
 e - a potion of mutation
 h - a potion of brilliance {unknown}
 i - a potion of heal wounds {unknown}


   Skills:
 + Level 4.5 Fighting
 + Level 0.9 Short Blades
 + Level 0.9 Long Blades
 + Level 0.9 Axes
 + Level 0.9 Maces & Flails
 + Level 4.5 Polearms
 + Level 0.9 Staves
 + Level 0.9 Ranged Weapons
 + Level 2.6 Throwing
 + Level 2.6 Armour
 + Level 4.5 Dodging
 + Level 0.9 Stealth
 + Level 0.9 Shields
 + Level 0.9 Unarmed Combat
 + Level 5.0 Spellcasting
 + Level 0.6 Conjurations
 + Level 0.6 Hexes
 + Level 0.6 Summonings
 + Level 0.6 Necromancy
 + Level 5.4 Translocations
 + Level 0.6 Fire Magic
 + Level 0.6 Ice Magic
 + Level 0.6 Air Magic
 + Level 0.6 Earth Magic
 + Level 0.6 Alchemy
 + Level 1.0 Invocations
 + Level 0.9 Evocations
 + Level 0.7 Shapeshifting


You had 10 spell levels left.
You knew the following spells:

 Your Spells              Type           Power      Damage    Failure   Level
a - Blink                 Tloc           32%        N/A       1%          2

Your spell library contained the following spells:

 Spells                   Type           Power      Damage    Failure   Level
 Lesser Beckoning         Tloc           32%        N/A       1%          2
 Maxwell's Portable Pile  Tloc           16%        2d(6-18)  3%          3
 Teleport Other           Tloc           16%        N/A       3%          3
 Magic Dart               Conj           16%        1d3       9%          1
 Searing Ray              Conj           8%         2d4       12%         2
 Vhi's Electric Charge    Tloc/Air       20%        N/A       28%         4
 Fulminant Prism          Conj/Alch      2%         3d5       58%         4


Dungeon Overview and Level Annotations

Branches:
Dungeon (2/15)

Altars:


Innate Abilities, Weirdness & Mutations

You have very sharp teeth.
Your uncanny sense of smell can sniff out nearby items.
Your experience applies equally to all skills.


Message History

The kobold hits you with a +0 whip. The ribbon worm bites you.
The web tears apart.
The kobold closely misses you. The ribbon worm barely misses you.
You hit the ribbon worm but do no damage.
The kobold hits you with a +0 whip. The ribbon worm misses you.
You hit the ribbon worm but do no damage.
The kobold barely misses you.
The ribbon worm expels a string of sticky webbing.
The stream of webbing misses you. The kobold attacks as it pursues you!
The kobold hits you with a +0 whip. The kobold hits you with a +0 whip.
The kobold hits you with a +0 whip.
You completely miss the kobold. The kobold hits you with a +0 whip.
* * * LOW HITPOINT WARNING * * *
You hit the kobold but do no damage. The kobold hits you but does no damage.
The ribbon worm closely misses you.
You hit the kobold.
The kobold is heavily wounded.
The kobold hits you but does no damage.
The ribbon worm expels a string of sticky webbing.
The stream of webbing misses you.
You barely miss the kobold. Your bite misses the kobold.
The kobold is heavily wounded.
The kobold hits you but does no damage.
You closely miss the kobold. Your bite misses the kobold.
The kobold is heavily wounded.
The ribbon worm expels a string of sticky webbing.
The stream of webbing hits you but does no damage.
You are caught in a web!
The web tears apart.
The kobold hits you but does no damage. The ribbon worm bites you.
* * * LOW HITPOINT WARNING * * *
You barely miss the kobold.
The kobold is heavily wounded.
The kobold hits you with a +0 whip.
* * * LOW HITPOINT WARNING * * *
You barely miss the kobold.
The kobold is heavily wounded.
The kobold hits you with a +0 whip.
You die...

#######.####.........#
##.....)..#.#....#
##...#######......#
##..†..## ###...##
###.......## #...#
...........# #...#
..#.......#######...######.
.................w.........
..#.............@K.........
....<..##..................
..#..#.##.#######...######.
..#.......# #...#
.....###..# #...#
###.####(.# #...#
.....<....# #...#
.#.......## #...#
...#.##### #...#


You could see a ribbon worm and a kobold.

Vanquished Creatures
  A dart slug (D:1)
  2 ribbon worms (D:2)
  3 endoplasms
  2 giant cockroaches (D:1)
  3 goblins
  3 hobgoblins
  3 kobolds
  A quokka (D:1)
  3 ball pythons
  6 bats
  4 rats
31 creatures vanquished.

Notes
Turn   | Place    | Note
-------+----------+-------------------------------------------
     0 | D:1      | Rohain the Gnoll Warper began the quest for the Orb.
     0 | D:1      | Reached XP level 1. HP: 20/20 MP: 6/6
   198 | D:1      | Reached XP level 2. HP: 26/26 MP: 7/7
   279 | D:1      | Learned a level 2 spell: Blink
   901 | D:2      | Reached skill level 5 in Spellcasting
   901 | D:2      | Reached XP level 3. HP: 31/31 MP: 7/9
  1043 | D:2      | Reached skill level 1 in Invocations
  1183 | D:2      | Slain by a kobold

Illustrated notes

Levels and vault maps discovered:
D:1:      lightli_arrival_noodles, layout_basic, palyth_stone_intersect
D:2:      minmay_angry_zag, layout_loops_cross, ebering_ecumenical_altar_box

Skill      XL: |  1  2  3 |
---------------+----------+-----
Spellcasting   | 5 |  5.0
Invocations    | 1 |  1.0
Fighting       | |  4.5
Short Blades   | |  0.9
Long Blades    | |  0.9
Axes           | |  0.9
Maces & Flails | |  0.9
Polearms       | |  4.5
Staves         | |  0.9
Ranged Weapons | |  0.9
Throwing       | |  2.6
Armour         | |  2.6
Dodging        | |  4.5
Stealth        | |  0.9
Shields        | |  0.9
Unarmed Combat | |  0.9
Conjurations   | |  0.6
Hexes          | |  0.6
Summonings     | |  0.6
Necromancy     | |  0.6
Translocations | |  5.4
Fire Magic     | |  0.6
Ice Magic      | |  0.6
Air Magic      | |  0.6
Earth Magic    | |  0.6
Alchemy        | |  0.6
Evocations     | |  0.9
Shapeshifting  | |  0.7

Action                     || total
---------------------------++-------
  Melee: Spear             ||   123
         Bite              ||    10
    Use: Scroll            ||     3
   Stab: Sleeping          ||     5
 Armour: Leather armour    ||    57
  Dodge: Dodged            ||    38

Table legend: (Time is in decaauts)
 A = Elapsed time spent in this place.
 B = Non-inter-level travel time spent in this place.
 C = Inter-level travel time spent in this place.
 D = Time resting spent in this place.
 E = Time spent auto-exploring this place.
 F = Levels seen in this place.
 G = Mean time per level.
                   A        B        C        D        E       F      G
               +--------+--------+--------+--------+--------+-----+--------+
         Total |   1167 |   1148 |     19 |     39 |    870 |   2 |  583.5 |
       Dungeon |   1167 |   1148 |     19 |     39 |    870 |   2 |  583.5 |
               +--------+--------+--------+--------+--------+-----+--------+

Top non-repeatable levels by time:
     D:1: 842 daAuts
     D:2: 324 daAuts
